 Dungeon Crawl Stone Soup version 0.21-a0-110-g8e1637b (webtiles) character file.

54 Monsterracer the Shooter (level 3, -1/28 HPs)
             Began as a Centaur Arcane Marksman on July 9, 2017.
             Slain by an adder (3 damage)
             ... on level 2 of the Dungeon.
             The game lasted 00:04:26 (1818 turns).

Monsterracer the Shooter (Centaur Arcane Marksman)  Turns: 1818, Time: 00:04:27

Health: -1/28      AC:  4    Str: 13    XL:     3   Next: 66%
Magic:  4/4        EV: 10    Int: 12    God:
Gold:   129        SH:  0    Dex:  9    Spells: 3/4 levels left

rFire    . . .     SeeInvis .   b - +0 halberd
rCold    . . .     Gourm    .   (shield currently unavailable)
rNeg     . . .     Faith    .   e - +0 robe
rPois    .         Spirit   .   (no helmet)
rElec    .         Reflect  .   (no cloak)
rCorr    .         Harm     .   (no gloves)
MR       .....                  (no barding)
Stlth    +.........             (no amulet)
HPRegen  0.09/turn              (no ring)
MPRegen  0.09/turn              (no ring)

@: lethally poisoned (-1 -> -6), very quick
A: hooves 3, deformed body, speed 2, tough skin 3
a: no special abilities


You were on level 2 of the Dungeon.
You were not hungry.

You visited 1 branch of the dungeon, and saw 3 of its levels.

You collected 129 gold pieces.

Inventory:

Hand Weapons
 a - a +0 shortbow
 b - a +0 halberd (weapon)
Missiles
 d - 70 arrows
Armour
 e - a +0 robe (worn)
Scrolls
 g - a scroll of enchant armour {unknown}
 h - a scroll of immolation {unknown}
 j - a scroll of recharging {unknown}
 m - a scroll of blinking {unknown}
 p - a scroll of magic mapping {unknown}
 r - a scroll of amnesia {unknown}
Potions
 k - a potion of haste {unknown}
 l - a potion of lignification {unknown}
 n - 2 potions of agility {unknown}
 q - 3 potions of curing
Books
 c - a book of Debilitation

   Spells                             Type                      Level
   a - Corona                         Hexes                        1
   b - Slow                           Hexes                        2
   c - Inner Flame                    Hexes/Fire                   3
   d - Portal Projectile              Hexes/Translocation          3
   e - Cause Fear                     Hexes                        4
   f - Leda's Liquefaction            Hexes/Earth                  4
Comestibles
 f - 2 bread rations
 i - a meat ration
 o - a royal jelly


   Skills:
 + Level 1.3 Fighting
 * Level 1.8 Polearms
 * Level 3.5 Bows
 + Level 1.6 Dodging
 - Level 1.2 Spellcasting
 - Level 2.6 Hexes


You had 3 spell levels left.
You knew the following spells:

 Your Spells              Type           Power        Failure   Level  Hunger
a - Corona                Hex            #......      10%         1    ##.....


Dungeon Overview and Level Annotations

Branches:
Dungeon (3/15)

Altars:
Elyvilon


Innate Abilities, Weirdness & Mutations

You have hooves in place of feet.
Armour fits poorly on your strangely shaped body.
You cover ground very quickly.
You have extremely tough skin. (AC +3)


Message History

The worm is heavily wounded.
The adder bites you.
You are poisoned.
The adder poisons you! The worm closely misses you. The adder bites you.
Huge Dmg: -25%(-7hp) hp: 54%(15hp)
You puncture the worm!
The worm is almost dead.
You feel sick. The adder barely misses you. The worm completely misses you.
The adder bites you.
* * * LOW HITPOINT WARNING * * *
Damage: -7%(-2hp) hp: 47%(13hp)
You barely miss the worm. You kick the worm.
The worm is almost dead.
You feel sick. The adder barely misses you. The worm bites you!
* * * LOW HITPOINT WARNING * * *
Huge Dmg: -39%(-11hp) hp: 8%(2hp)
You hit the worm. You kick the worm.
You kill the worm!
The adder bites you.
You die...

#.##.###.#.# #..........
#.##.# #.#.###.######...
#.##.# #............#...
#.##.#####.###..#.#.#...
#.##.........#......#...
#.##..##................
#.##..######.#÷.........
#.##..######.#..........
#.##..#@†...............
#.#...#S####<#.#........
#.#....g.....#.##.......
#.#.#.#.####.#.##(#.....
#............#.##.......
#####.#.######.##.#.⌠.⌠.
#..............##.......
#.###.#...........#.....
#.# #.###............_..


You could see an adder and a hobgoblin.

Vanquished Creatures
  A gnoll (D:1)
  An ooze (D:1)
  A worm (D:2)
  A dart slug (D:2)
  3 bats (D:1)
  A giant cockroach (D:2)
  10 hobgoblins
  2 kobolds (D:2)
  2 quokkas (D:2)
  2 ball pythons
  A frilled lizard (D:2)
  2 goblins (D:1)
  8 rats
35 creatures vanquished.

Notes
Turn   | Place    | Note
-------+----------+-------------------------------------------
     0 | D:1      | Monsterracer the Centaur Arcane Marksman began the quest for the Orb.
     0 | D:1      | Reached XP level 1. HP: 16/16 MP: 2/2
   138 | D:1      | Reached skill level 3 in Bows
   209 | D:1      | Reached XP level 2. HP: 23/23 MP: 3/3
   340 | D:1      | Reached skill level 1 in Polearms
   722 | D:1      | Reached XP level 3. HP: 28/28 MP: 4/4
  1018 | D:2      | Found a white marble altar of Elyvilon.
  1818 | D:2      | Slain by an adder

Vault maps used:
D:1:      eino_arrival_cavern_e
D:2:      elyvilon_altar_5, minmay_heptomino_o4
D:3:      tgw_trog, uniq_natasha

Skill      XL: |  1  2 |
---------------+-------+-----
Bows           | 3 |  3.5
Polearms       | 1 |  1.8
Fighting       | |  1.3
Dodging        | |  1.6
Spellcasting   | |  1.2
Hexes          | |  2.6

Action                   || total
-------------------------++-------
Melee: Dagger            ||    25
       Kick              ||    10
       Halberd           ||    87
 Fire: Shortbow          ||    25
  Use: Potion            ||     2
  Eat: Chunk             ||     2
Armor: Robe              ||    33
Dodge: Dodged            ||    68
